 Dungeon Sprint DCSS version 0.29-a0-284-gf9362112df (webtiles) character file.

Game seed: 1004909625568556263

60 mhtbhm the Poker (level 3, -6/38 HPs)
             Began as a Minotaur Berserker on Mar 26, 2022.
             Was a Believer of Trog.
             Mangled by a water elemental (14 damage)
             ... in the Dungeon (Sprint III: "The Ten Rune Challenge").
             The game lasted 00:00:22 (224 turns).

mhtbhm the Poker (Minotaur Berserker)                Turns: 224, Time: 00:00:23

Health: -6/38      AC:  2    Str: 23    XL:     3   Next: 82%
Magic:  2/2        EV: 12    Int:  4    God:    Trog [**....]
Gold:   19         SH:  0    Dex:  9    Spells: 2/2 levels left

rFire   . . .      SeeInvis .   a - +0 spear
rCold   . . .      Faith    .   (no shield)
rNeg    . . .      Spirit   .   b - +0 animal skin
rPois   .          Reflect  .   (helmet restricted)
rElec   .          Harm     .   (no cloak)
rCorr   .          Rampage  .   (no gloves)
Will    .....      NoTele   +   (no boots)
Stlth   +.........              (no amulet)
HPRegen 0.12/turn               (no ring)
MPRegen 0.08/turn               (no ring)

@: engulfed (cannot breathe)
A: horns 2, retaliatory headbutt
a: Renounce Religion, Berserk, Trog's Hand


You were in the Dungeon.
You worshipped Trog.
Trog was pleased with you.
You visited 1 branch You collected 19 gold pieces.

Inventory:

Hand Weapons
 a - a +0 spear (weapon)
Armour
 b - a +0 animal skin (worn)
Scrolls
 h - a scroll of blinking
 i - a scroll of enchant armour {unknown}
 j - 2 scrolls of immolation {unknown}
 k - 4 scrolls of identify
Potions
 c - a potion of curing
 d - a potion of heal wounds
 e - a potion of haste
 f - 2 potions of magic
 g - a potion of berserk rage
 l - 4 potions of flight
 m - a potion of degeneration {unknown}
 n - 5 potions of mutation


   Skills:
 + Level 6.6 Fighting
 + Level 6.8 Polearms
 + Level 3.7 Armour
 + Level 3.3 Dodging


You had 2 spell levels left.
You didn't know any spells.
Your spell library was empty.

Dungeon Overview and Level Annotations

Branches:
Dungeon (1/1)

Altars:


Innate Abilities, Weirdness & Mutations

You have a pair of horns on your head.
You reflexively headbutt those who attack you in melee.


Message History

You reach to attack!
You hit the water elemental but do no damage.
You puncture the water elemental!
Your headbutt misses the water elemental.
The water elemental is moderately damaged.
The water elemental hits you.
You hit the water elemental but do no damage.
The water elemental is moderately damaged.
The water elemental barely misses you.
You hit the water elemental but do no damage.
You headbutt the water elemental!
The water elemental is heavily damaged.
You hit the water elemental but do no damage.
You punch the water elemental.
The water elemental is severely damaged.
The water elemental hits you!!
Ouch! That really hurt!
The water elemental engulfs you in water!
You are too injured to fight recklessly!
You are too injured to fight recklessly!
You are too injured to fight recklessly!
You are too injured to fight recklessly!
You are too injured to fight recklessly!
You are too injured to fight recklessly!
You are too injured to fight recklessly!
You are too injured to fight recklessly!
You are too injured to fight recklessly!
You are too injured to fight recklessly!
You are too injured to fight recklessly!
You hit the water elemental.
The water elemental is severely damaged.
Your lungs strain for air!
The water elemental barely misses you.
You hit the water elemental but do no damage.
You headbutt the water elemental!
The water elemental is almost destroyed.
* * * LOW HITPOINT WARNING * * *
Your lungs strain for air!
The water elemental hits you!
You die...

▓▓▓▓▓▓▓▓ ▓▓▓ <..#...####
##.# ...#......#####..#
..##...)...#..#..#
##.##.##...#..#..# #+#+#
##.##.###..##'#..#......
#.####.##..###..@E.⌠....
.###..##..####...#...###
#..†..##†.###....# ⌠.#
###..##...##.....# .#
##..##....#......# #
#..###..##.#.....# #).#
#..#####....# ▓▓▓▓ ▓▓▓▓
▓▓▓▓▓▓


You could see a water elemental.

Vanquished Creatures
  Jessica (D)
  A human (D)
  A wolf (D)
  An endoplasm (D)
  2 rats (D)
6 creatures vanquished.

Vanquished Creatures (others)
  2 plants (D)
2 creatures vanquished.

Grand Total: 8 creatures vanquished

Notes
Turn   | Place    | Note
-------+----------+-------------------------------------------
     0 | D        | mhtbhm the Minotaur Berserker began the quest for the Orb.
     0 | D        | Reached XP level 1. HP: 19/19 MP: 0/0
   144 | D        | Noticed Jessica
   147 | D        | Killed Jessica
   147 | D        | Reached ** piety under Trog
   148 | D        | Reached skill level 5 in Fighting
   148 | D        | Reached skill level 5 in Polearms
   148 | D        | Reached XP level 2. HP: 30/30 MP: 1/1
   164 | D        | Reached XP level 3. HP: 37/37 MP: 2/2
   217 | D        | Noticed a water elemental
   224 | D        | Mangled by a water elemental

Illustrated notes

Levels and vault maps discovered:
D:        dungeon_sprint_mu [sprint_mu_entry_cave, sprint_mu_temple_rooms,
          sprint_mu_d1_horrors, sprint_mu_d2_genie, sprint_mu_d3_branching,
          sprint_mu_orc_legion, sprint_mu_elf_gauntlet, sprint_mu_hive_nellie,
          sprint_mu_lair_fedhas, sprint_mu_vaults_butterflies,
          sprint_mu_slime_circle, sprint_mu_swamp_cave, sprint_mu_snake_twists,
          sprint_mu_blade_basic, sprint_mu_crypt_fortress,
          sprint_mu_tomb_spiral, sprint_mu_vestibule_basic,
          sprint_mu_gehenna_hellfire, sprint_mu_dis_giant,
          sprint_mu_tartarus_statrot, sprint_mu_cocytus_islands, sprint_mu_zot1]

Skill      XL: |  1  2  3 |
---------------+----------+-----
Fighting       | 5 6 |  6.6
Polearms       | 5 6 |  6.8
Armour         | 3 |  3.7
Dodging        | 3 |  3.3

Action                   || total
-------------------------++-------
Melee: Spear             ||    23
       Headbutt          ||     2
       Punch             ||     1
Invok: Berserk           ||     1
Armor: Animal skin       ||     4
Dodge: Dodged            ||     5

Table legend: (Time is in decaauts)
 A = Elapsed time spent in this place.
 B = Non-inter-level travel time spent in this place.
 C = Inter-level travel time spent in this place.
 D = Time resting spent in this place.
 E = Time spent auto-exploring this place.
 F = Levels seen in this place.
 G = Mean time per level.
                   A        B        C        D        E       F      G
               +--------+--------+--------+--------+--------+-----+--------+
         Total |    226 |    226 |      0 |      5 |    151 |   1 |  226.0 |
       Dungeon |    226 |    226 |      0 |      5 |    151 |   1 |  226.0 |
               +--------+--------+--------+--------+--------+-----+--------+

Top non-repeatable levels by time:
       D: 226 daAuts
